 Dungeon Crawl Stone Soup version 0.27.1-4-g1640c2035a (webtiles) character file.

Game seed: 9362198443045997709

1027 belegose the Ruffian (level 7, 0/59 HPs)
             Began as a Demigod Transmuter on Nov 6, 2021.
             Slain by a kobold brigand (8 damage)
             ... on level 5 of the Dungeon.
             The game lasted 00:13:49 (7792 turns).

belegose the Ruffian (Demigod Transmuter)           Turns: 7792, Time: 00:13:50

Health: 0/59       AC:  2    Str: 15    XL:     7   Next: 72%
Magic:  14/14      EV: 12    Int: 19    God:
Gold:   343        SH:  0    Dex: 14    Spells: 7/11 levels left

rFire    . . .     SeeInvis +     - Unarmed
rCold    . . .     Faith    .   (no shield)
rNeg     . . .     Spirit   .   a - +0 robe
rPois    .         Reflect  .   (helmet currently unavailable)
rElec    .         Harm     .   (no cloak)
rCorr    +         Rampage  .   (no gloves)
Will     .....                  (boots currently unavailable)
Stlth    +.........             (no amulet)
HPRegen  0.19/turn              u - ring of resist corrosion
MPRegen  0.14/turn              s - ring of see invisible

@: appendages (expiring)
A: horns 2, talons 2, high mp 1, forlorn
a: End Transformation


You were on level 5 of the Dungeon.
You had temporarily grown beastly horns and talons.
You visited 1 branch of the dungeon, and saw 5 of its levels.

You collected 343 gold pieces.

Inventory:

Missiles
 c - 34 stones (quivered)
 f - 5 boomerangs
 p - 36 poisoned darts
Armour
 a - a +0 robe (worn)
 m - a +1 chain mail of cold resistance
 o - a +0 helmet (melded)
Jewellery
 s - a ring of see invisible (right hand)
 u - a ring of resist corrosion (left hand)
Wands
 x - a wand of iceblast (7)
Scrolls
 d - a scroll of torment {unknown}
 e - 4 scrolls of identify {unknown}
 g - 5 scrolls of teleportation {unknown}
 h - a scroll of fog {unknown}
 k - a scroll of acquirement {unknown}
 r - a scroll of enchant armour {unknown}
 t - 2 scrolls of noise {unknown}
 y - a scroll of amnesia {unknown}
Potions
 b - a potion of heal wounds {unknown}
 i - 2 potions of lignification {unknown}
 j - 3 potions of brilliance {unknown}
 l - a potion of invisibility {unknown}
 n - 2 potions of resistance {unknown}
 q - 3 potions of curing {unknown}
 v - 2 potions of degeneration {unknown}
 w - a potion of berserk rage {unknown}
 z - 2 potions of might {unknown}
 A - a potion of attraction {unknown}


   Skills:
 + Level 4.0 Fighting
 - Level 2.7 Dodging
 + Level 4.8 Unarmed Combat
 - Level 2.7 Spellcasting
 + Level 4.2 Transmutations
 + Level 3.4 Poison Magic


You had 7 spell levels left.
You knew the following spells:

 Your Spells              Type           Power      Damage    Failure   Level
a - Beastly Appendage     Tmut           36%        N/A       2%          1
b - Spider Form           Tmut/Pois      8%         N/A       10%         3

Your spell library contained the following spells:

 Spells                   Type           Power      Damage    Failure   Level
 Wereblood                Tmut           18%        N/A       4%          2
 Pain                     Necr           8%         1d4       16%         1
 Ice Form                 Ice/Tmut       10%        N/A       54%         4
 Agony                    Necr           2%         N/A       99%         5
 Excruciating Wounds      Necr           1%         N/A       99%         5


Dungeon Overview and Level Annotations

Branches:
Dungeon (5/15)
 Temple: D:4-7

Shops:
D:2 *   D:3 (


Innate Abilities, Weirdness & Mutations

You have temporarily grown beastly horns and talons.
Your attributes grow dramatically as you level up.
You have an increased reservoir of magic. (+10% MP)
You shall have no god before yourself.


Message History

The kobold brigand closely misses you. The kobold brigand barely misses you.
You barely miss the kobold brigand. You claw the kobold brigand.
The kobold brigand is almost dead.
The kobold brigand hits you with a +0 club.
The kobold brigand hits you with a +0 club!
You hit the kobold brigand.
You kill the kobold brigand!
The kobold brigand closely misses you.
Your Fighting skill increases to level 4!
You hit the kobold brigand.
You claw the kobold brigand, but do no damage.
You headbutt the kobold brigand.
The kobold brigand is moderately wounded.
Your transformation is almost over.
The kobold brigand hits you with a +0 club.
You hit the kobold brigand but do no damage.
Your kick misses the kobold brigand.
The kobold brigand is moderately wounded.
The kobold brigand hits you with a +0 club!
* * * LOW HITPOINT WARNING * * *
You barely miss the kobold brigand. You claw the kobold brigand.
The kobold brigand is moderately wounded.
The kobold brigand misses you.
You hit the kobold brigand. You headbutt the kobold brigand.
The kobold brigand is heavily wounded.
The kobold brigand hits you with a +0 club.
* * * LOW HITPOINT WARNING * * *
You barely miss the kobold brigand.
The kobold brigand is heavily wounded.
The kobold brigand hits you with a +0 club.
* * * LOW HITPOINT WARNING * * *
You closely miss the kobold brigand.
Your headbutt misses the kobold brigand.
The kobold brigand is heavily wounded.
The kobold brigand hits you with a +0 club.
* * * LOW HITPOINT WARNING * * *
You hit the kobold brigand. Your kick misses the kobold brigand.
The kobold brigand is heavily wounded.
The kobold brigand hits you with a +0 club!
You die...

# $(# # $[# # ######
..# # #....# ##.. #
#....# #..# ## #
#....# ##..# ≈≈# #
#....######
#..##≈≈≈# #
##.........
#@K#≈≈≈≈#
#####.########
#).##≈≈≈#
......###########..#
#
................#..#
.....Y..........#..#
#†#########...###..#
#.# ...# #..## #.#
..#≈##..# #.#
..#≈≈#..##


You could see a kobold brigand.

Vanquished Creatures
  Menkaure (D:4)
  A black bear (D:3)
  An ice beast (D:5)
  A centaur (D:5)
  An ogre (D:5)
  A kobold brigand (D:5)
  Blork the orc (D:5)
  A scorpion (D:5)
  A water moccasin skeleton (D:5)
  A jelly (D:3)
  A hound (D:5)
  An orc priest (D:4)
  An iguana (D:5)
  Natasha (D:4)
  A hound skeleton (D:5)
  3 adders
  A shadow imp (D:5)
  A white imp (D:5)
  An ufetubus (D:4)
  An adder skeleton (D:4)
  A worm (D:4)
  5 dart slugs
  6 orcs
  6 ball pythons
  8 endoplasms
  3 giant cockroaches
  7 goblins
  11 hobgoblins
  10 jackals
  14 kobolds
  3 quokkas
  7 bats
  3 frilled lizards
  12 rats
118 creatures vanquished.

Vanquished Creatures (others)
  5 fungi (D:4)
  7 plants
  5 toadstools (D:4)
17 creatures vanquished.

Grand Total: 135 creatures vanquished

Notes
Turn   | Place    | Note
-------+----------+-------------------------------------------
     0 | D:1      | belegose the Demigod Transmuter began the quest for the
                  | Orb.
     0 | D:1      | Reached XP level 1. HP: 15/15 MP: 5/5
    84 | D:1      | Reached skill level 1 in Fighting
   121 | D:1      | Reached XP level 2. HP: 2/23 MP: 5/7
  1136 | D:1      | Reached XP level 3. HP: 27/28 MP: 8/8
  1157 | D:1      | You fall into a shaft and drop 1 floor!
  1492 | D:2      | Learned a level 3 spell: Spider Form
  1803 | D:2      | Found Daehuif's General Store.
  2097 | D:1      | Reached XP level 4. HP: 34/36 MP: 8/10
  2785 | D:2      | Found Heumik's Jewellery Shoppe.
  2966 | D:3      | Found Sebag's Weapon Boutique.
  3202 | D:3      | Noticed a black bear
  3228 | D:3      | Killed a black bear
  3229 | D:3      | Reached skill level 1 in Poison Magic
  3229 | D:3      | Reached XP level 5. HP: 22/41 MP: 2/11
  4611 | D:4      | Noticed Natasha
  4623 | D:4      | Killed Natasha
  5324 | D:4      | Noticed Menkaure
  5327 | D:4      | Killed Menkaure
  5328 | D:4      | Reached XP level 6. HP: 43/50 MP: 11/13
  5808 | D:5      | Entered Level 5 of the Dungeon
  6694 | D:5      | Reached XP level 7. HP: 23/57 MP: 12/14
  6707 | D:5      | Noticed Blork the orc
  6783 | D:5      | Killed Blork the orc
  7792 | D:5      | Slain by a kobold brigand

Illustrated notes

Levels and vault maps discovered:
D:1:      nagdon_arrival_zigzag_paths, layout_loops_ring,
          hellmonk_ecumenical_altar_dog_temple, minmay_misc_feat_secret_circle,
          minmay_rat_gold_closets
D:2:      minmay_wonky_spiral, layout_loops_ring, serial_shops, shop_statue,
          nicolae_lakefront_shop, serial_bayou_crossing
D:3:      layout_basic, mainiacjoe_overflow_concentric_impassable,
          lemuel_round_altar, mainiacjoe_overflow_catch_the_wave, serial_shops,
          nicolae_diamond_shop, serial_bayou_lagoon_b
D:4:      layout_rooms, minmay_gold_behind_fungi, kennysheep_cross_bottleneck,
          kennysheep_generic_room_16, uniq_natasha, uniq_menkaure
D:5:      cheibrodos_thug_alley, layout_basic, gammafunk_temple_overflow_wave,
          roderic_serpentine_path, minivault_19, uniq_blork_the_orc

Skill      XL: |  1  2  3  4  5  6  7 |
---------------+----------------------+-----
Fighting       | 1 2 3 4 |  4.0
Transmutations | 2 3 4 |  4.2
Dodging        | 2 |  2.7
Spellcasting   | 2 |  2.7
Unarmed Combat | 3 4 |  4.8
Poison Magic   | 1 2 3 |  3.4

Action                   |  1- 3 |  4- 6 |  7- 9 || total
-------------------------+-------+-------+-------++-------
Melee: Unarmed           |   171 |   170 |    65 ||   406
       Kick              |    15 |    32 |     9 ||    56
       Punch             |     3 |     3 |     1 ||     7
       Headbutt          |     5 |    18 |     8 ||    31
Throw: Stone             |     3 |       |       ||     3
 Cast: Beastly Appendage |    16 |    19 |     4 ||    39
       Spider Form       |       |     3 |     4 ||     7
 Stab: Sleeping          |     4 |     1 |       ||     5
Armor: Robe              |    33 |    30 |     7 ||    70
       Skin              |       |     2 |     1 ||     3
Dodge: Dodged            |    93 |   110 |    45 ||   248
